 Dungeon Crawl Stone Soup version 0.29.0-4-gdea44cf6ec (webtiles) character file.

Game seed: 14549709065759448916

2 qw the Sneak (level 1, -8/10 HPs)
             Began as a Felid Delver on Aug 27, 2022.
             Killed from afar by an orc wizard (9 damage)
             ... with a magic dart
             ... on level 5 of the Dungeon.
             The game lasted 00:00:00 (24 turns).

qw the Sneak (Felid Delver)                           Turns: 24, Time: 00:00:01

Health: -8/10      AC:  1    Str:  8    XL:     1   Next: 25%
Magic:  2/2        EV: 17    Int: 11    God:
Gold:   0          SH:  0    Dex: 17    Spells: 0/0 levels left
                                        Lives:  0   Deaths: 0

rFire   . . .      SeeInvis +     - Unarmed
rCold   . . .      Faith    .   (shield unavailable)
rNeg    . . .      Spirit   .   (body armour unavailable)
rPois   .          Reflect  .   (helmet unavailable)
rElec   .          Harm     .   (cloak unavailable)
rCorr   .          Rampage  .   (gloves unavailable)
Will    .....                   (boots unavailable)
Stlth   +.........              (no amulet)
HPRegen 0.03/turn               (no ring)
MPRegen 0.08/turn               (no ring)

@: confused, quick
A: very small, claws 1, fangs 3, see invisible, speed 1, shaggy fur 1, stealthy
paws, no weapons or thrown items, no armour, multi-lived
a: no special abilities


You were on level 5 of the Dungeon.
You visited 1 branch of the dungeon, and saw 1 of its levels.


Innate Abilities, Weirdness & Mutations

You have sharp claws.
You have razor-sharp teeth.
You have supernaturally acute eyesight. (SInv)
You cover ground quickly. (Speed+)
You are covered in fur. (AC +1)
Your paws help you pounce on unaware monsters.
You are incapable of wielding weapons or throwing items.
You cannot wear armour.
You gain extra lives every three experience levels.


   Skills:
 - Level 3.0 Fighting
 - Level 2.6 Dodging
 - Level 6.6 Stealth
 + Level 2.2 Unarmed Combat


You couldn't memorise any spells.
You didn't know any spells.
Your spell library was empty.

Inventory:

Wands
 e - a wand of digging (3)
Scrolls
 a - a scroll of fog
 b - a scroll of magic mapping
 c - a scroll of fear
Potions
 d - a potion of haste

Dungeon Overview and Level Annotations

Branches:
Dungeon (5/15)
 Temple: D:4-7

Altars:


Message History

14 ||| Stepping ~*~*~tactically~*~*~ (outnumbered).
The orc closely misses you.
An orc comes into view. It is wielding a +0 flail.
The orc wizard barely misses you.
You closely miss the orc wizard.
The orc wizard is lightly wounded.
The orc shouts!
The orc misses you. x2; The orc wizard closely misses you.
17 ||| Stepping ~*~*~tactically~*~*~ (outnumbered).
The orc misses you.
18 ||| Stepping ~*~*~tactically~*~*~ (outnumbered).
You scratch the orc. You bite the orc.
The orc is severely wounded.
The orc wizard points at you and mumbles some strange words.
You resist with significant effort.
The orc wizard shouts!
You scratch the orc.
You kill the orc!
The orc wizard points at you and mumbles some strange words.
The orc wizard appears confused.
You completely miss the orc wizard. The orc wizard casts a spell at you.
The orc wizard resists with some effort.
The orc wizard barely misses the orc.
You miss the orc wizard.
The orc wizard is lightly wounded.
You scratch the orc wizard but do no damage.
The orc wizard is lightly wounded.
The orc wizard barely misses the orc wizard.
The orc wizard casts a spell at you.
You are confused.
You barely miss the orc wizard.
The orc wizard is lightly wounded.
The orc wizard casts a spell at you.
The puff of flame misses the orc wizard.
The puff of flame misses you.
The orc wizard points at you and mumbles some strange words.
The magic dart hits you!
Ouch! That really hurt!
You die...

## ######
###..#######....####
#......@ooo........#
.......oo.o.......#
....####oo........#
..# ###......o..# .
####.....o#
#####...# #.. .


You could see 5 orc wizards and 3 orcs.

Vanquished Creatures
  An orc (D:5)
1 creature vanquished.

Notes
Turn   | Place    | Note
-------+----------+-------------------------------------------
     0 | D:5      | qw the Felid Delver began the quest for the Orb.
     0 | D:5      | Reached XP level 1. HP: 10/10 MP: 2/2
     0 | D:5      | 0 ||| qw: Version: 0.1-a-89-g26bdef1
     0 | D:5      | 0 ||| qw: Game counter: 112
     0 | D:5      | 0 ||| qw: Always use a shield: true
     0 | D:5      | 0 ||| qw: God list: Okawaru, Trog
     0 | D:5      | 0 ||| qw: Allow faded altars: false
     0 | D:5      | 0 ||| qw: Do Orc after D:15 true
     0 | D:5      | 0 ||| qw: Do second Lair branch before Depths: true
     0 | D:5      | 0 ||| qw: Lair rune preference: random
     0 | D:5      | 0 ||| qw: Plans: Normal
     0 | D:5      | 0 ||| PLANNING D:1-11
     1 | D:5      | Noticed an orc wizard
     1 | D:5      | Noticed an orc wizard
     2 | D:5      | Noticed an orc wizard
     4 | D:5      | Noticed an orc wizard
     5 | D:5      | HP: 1/10 [orc wizard/magic dart (7)]
     9 | D:5      | Noticed an orc wizard
    10 | D:5      | 10 ||| Stepping ~*~*~tactically~*~*~ (outnumbered).
    11 | D:5      | 11 ||| Stepping ~*~*~tactically~*~*~ (outnumbered).
    12 | D:5      | 12 ||| Stepping ~*~*~tactically~*~*~ (outnumbered).
    13 | D:5      | 13 ||| Stepping ~*~*~tactically~*~*~ (outnumbered).
    14 | D:5      | 14 ||| Stepping ~*~*~tactically~*~*~ (outnumbered).
    17 | D:5      | 17 ||| Stepping ~*~*~tactically~*~*~ (outnumbered).
    18 | D:5      | 18 ||| Stepping ~*~*~tactically~*~*~ (outnumbered).
    24 | D:5      | Killed from afar by an orc wizard

Levels and vault maps discovered:
D:5:      layout_layer_cave, serial_shops, shop, minmay_manual_macuahuitl

Action                   || total
-------------------------++-------
Melee: Unarmed           ||    11
       Bite              ||     3
Dodge: Dodged            ||    17

Table legend:
 A = Non-vault XP
 B = Vault XP
 C = Vault XP percentage of total XP
 D = Non-vault monster count
 E = Vault monster count
 F = Vault count percentage of total count
                 A         B        C        D         E       F
            +---------+---------+-------+---------+---------+-------
      Total |       3 |       0 |   0.0 |       1 |       0 |   0.0
            +---------+---------+-------+---------+---------+-------
        D:5 |       3 |       0 |   0.0 |       1 |       0 |   0.0
            +---------+---------+-------+---------+---------+-------
